 Dungeon Crawl Stone Soup version 0.30-a0-715-gdb4ae3ece1 (webtiles) character file.

Game seed: 8550752837419694710

3695 Oxelix the Arsonist (level 9, -5/45 HPs)
             Began as a Deep Elf Fire Elementalist on Jan 24, 2023.
             Was a Believer of Vehumet.
             Killed by divine providence
             ... invoked by an orc priest
              (17 damage)
             ... on level 8 of the Dungeon.
             The game lasted 00:15:19 (8504 turns).

Oxelix the Arsonist (Deep Elf Fire Elementalist)    Turns: 8504, Time: 00:15:20

Health: -5/45      AC:  8    Str:  5    XL:     9   Next: 90%
Magic:  31/38      EV: 14    Int: 25    God:    Vehumet [**....]
Gold:   362        SH:  0    Dex: 15    Spells: 19/27 levels left

rFire   + . .      SeeInvis .    C - staff of conjuration
rCold   . . .      Faith    +    (no shield)
rNeg    + . .      Spirit   .    G - +0 swamp dragon scales
rPois   +          Reflect  .    (no helmet)
rElec   .          Harm     .    g - +0 cloak
rCorr   .          Rampage  .    (no gloves)
Will    .....                    (no boots)
Stlth   +                        q
                                   - Hermit's Pendant {Faith Invo=14 Evo=0 MP+5}
HPRegen 0.27/turn                j - ring "Pelarug" {rF+ rN+ EV+5}
MPRegen 0.26/turn                z - ring of magical power

@: no status effects
A: no striking features
a: Renounce Religion


You were on level 8 of the Dungeon.
You worshipped Vehumet.
Vehumet was pleased with you.
You visited 2 branches of the dungeon, and saw 9 of its levels.

You collected 388 gold pieces.
You spent 26 gold pieces at shops.

Inventory:

Armour
 g - a +0 cloak (worn)
 k - a +0 robe of positive energy
 G - +0 swamp dragon scales (worn)
Magical Staves
 C - a staff of conjuration (weapon)
Jewellery
 j - the ring "Pelarug" (left hand) {rF+ rN+ EV+5}
   (You found it on level 2 of the Dungeon)

   [ring of evasion]

   EV:        It affects your evasion (+5).
   rF:        It protects you from fire.
   rN:        It protects you from negative energy.
 q - the Hermit's Pendant (around neck) {Faith Invo=14 Evo=0 MP+5}
   (You found it on level 3 of the Dungeon)

   [amulet of faith]

   Invo=14: It sets your Invocations skill to 14.
   Evo=0: It sets your Evocations skill to 0.
   It allows you to gain divine favour quickly.
   MP:        It affects your magic capacity (+5).
 z - a ring of magical power (right hand)
 A - a ring of willpower
 E - a ring of see invisible
Wands
 a - a wand of flame (28)
 u - a wand of digging (6)
 y - a wand of polymorph (6)
 H - a wand of paralysis (11)
Scrolls
 d - 2 scrolls of immolation
 e - 6 scrolls of teleportation
 f - 5 scrolls of amnesia
 h - 2 scrolls of blinking
 m - a scroll of summoning {unknown}
 n - a scroll of enchant armour {unknown}
 p - a scroll of acquirement {unknown}
 s - a scroll of noise {unknown}
 v - 3 scrolls of fog {unknown}
 D - 7 scrolls of identify
Potions
 b - 2 potions of magic
 c - a potion of lignification
 i - 5 potions of curing
 l - a potion of ambrosia {unknown}
 o - a potion of flight {unknown}
 r - a potion of berserk rage {unknown}
 t - a potion of might {unknown}
 w - a potion of mutation {unknown}
 x - a potion of heal wounds {unknown}
 B - 2 potions of degeneration {unknown}
 F - a potion of brilliance {unknown}


   Skills:
 - Level 2.4 Dodging
 - Level 2.4 Stealth
 + Level 9.8 Spellcasting
 + Level 7.8 Conjurations
 * Level 11.5 Fire Magic


You had 19 spell levels left.
You knew the following spells:

 Your Spells              Type           Power      Damage    Failure   Level
a - Foxfire               Conj/Fire      100%       2x1d9     1%          1
b - Scorch                Fire           100%       2d10      1%          2
c - Shock                 Conj/Air       100%       1d9       4%          1
d - Flame Wave            Conj/Fire      74%        2d16      4%          4

Your spell library contained the following spells:

 Spells                   Type           Power      Damage    Failure   Level
 Mephitic Cloud           Conj/Pois/Air  37%        N/A       26%         3
 Inner Flame              Hex/Fire       41%        N/A       7%          3
 Kindle Blastsparks       Fire/Tloc/Air  62%        2d15      16%         3


Dungeon Overview and Level Annotations

Branches:
Dungeon (8/15)             Temple (1/1) D:5
   Lair: D:8-11

Altars:
Ashenzari
Cheibriados
Dithmenos
Elyvilon
Fedhas
Gozag
Hepliaklqana
Makhleb
Nemelex Xobeh
Okawaru
Qazlal
Ru
Sif Muna
Trog
Uskayaw
Vehumet
Wu Jian
Xom
Yredelemnul
Zin
The Shining One

Shops:
D:2 ?


Message History

The flame wave engulfs the orc warrior!
The orc warrior is severely wounded.
The flame wave engulfs the orc.
The orc is moderately wounded. (Press . to intensify the flame waves.)
The orc hits you but does no damage.
A wave of flame ripples out!
The flame wave engulfs the orc warrior!
You kill the orc warrior!
Vehumet accepts your kill.
You feel your power returning.
The flame wave engulfs the orc!
You kill the orc!
Vehumet accepts your kill.
Vehumet offers you knowledge of Mephitic Cloud.
You feel your power returning.
The flame wave engulfs the orc priest!!
You kill the orc priest!
Vehumet accepts your kill.
You feel your power returning.
You hear a shout!
An orc priest comes into view. It is wielding a +0 hand axe.
A wave of flame ripples out!
The flame wave engulfs the orc priest!!
You kill the orc priest!
Vehumet accepts your kill.
You feel your power returning. Vehumet accepts your kill.
You feel your power returning.
You feel a bit more experienced.
You finish channelling waves of flame.
Your magical contamination has completely faded away.
You are too injured to fight recklessly!
You are too injured to fight recklessly!
Casting: Flame Wave (dangerous; 4% risk of failure)
Confirm with . or Enter, or press ? or * to list all spells.
You feel a surge of power!
You conjure some foxfire!
Casting: Foxfire (safe; 1% risk of failure)
Confirm with . or Enter, or press ? or * to list all spells.
You feel a surge of power!
You conjure some foxfire!
The foxfire hits the orc priest.
The orc priest is moderately wounded.
The orc priest mumbles some strange prayers to Beogh against you.
Beogh smites you!
You die...

#...#
##.####.#####
..).))......#
##.####o###.#
####..##.#
#.§v.....#
#§§......#
#§v......#
#§@......#
#§v........#
#.......##.#
#.......# .#
#.......#
#########


You could see an orc priest (ally target).

Vanquished Creatures
  Maggie (D:7)
  Eustachio (D:5)
  A steam dragon (D:7)
  An ice beast (D:5)
  2 orc warriors (D:8)
  2 black bears
  3 ogres
  3 phantoms
  2 kobold brigands
  4 bullfrogs
  4 necrophages
  2 gnoll sergeants
  5 scorpions
  5 wights (D:7)
  4 hounds
  4 jellies
  3 orc priests (D:8)
  4 iguanas
  An orc wizard (D:8)
  16 adders
  15 gnolls
  A shadow imp (D:7)
  4 ufetubi
  3 worms
  4 dart slugs
  8 orcs
  9 ball pythons
  11 bats
  12 endoplasms
  4 giant cockroaches
  4 goblins
  8 hobgoblins
  2 jackals (D:3)
  17 kobolds
  3 quokkas
  A frilled lizard (D:1)
  6 rats
180 creatures vanquished.

Vanquished Creatures (collateral kills)
  16 foxfires
16 creatures vanquished.

Vanquished Creatures (others)
  520 foxfires
  4 fungi (D:6)
  5 plants
529 creatures vanquished.

Grand Total: 725 creatures vanquished

Notes
Turn   | Place    | Note
-------+----------+-------------------------------------------
     0 | D:1      | Oxelix the Deep Elf Fire Elementalist began the quest for
                  | the Orb.
     0 | D:1      | Reached XP level 1. HP: 10/10 MP: 6/6
   291 | D:1      | Reached XP level 2. HP: 11/15 MP: 2/8
   389 | D:1      | Learned a level 2 spell: Scorch
   986 | D:1      | Reached skill level 4 in Fire Magic
  1190 | D:2      | Reached XP level 3. HP: 13/19 MP: 1/10
  1579 | D:2      | Identified the ring "Pelarug" {rF+ rN+ EV+5}
  1691 | D:2      | Reached XP level 4. HP: 24/24 MP: 6/11
  1837 | D:2      | Found The Oracle's Delphic Readings.
  1896 | D:2      | Bought a scroll of identify for 26 gold pieces
  2175 | D:3      | Reached skill level 5 in Fire Magic
  2217 | D:3      | Found a broken altar of Ashenzari.
  2272 | D:3      | Noticed a shining eye
  2277 | D:3      | Found a faded altar of an unknown god.
  2278 | D:3      | Noticed a golden eye
  2278 | D:3      | Noticed a floating eye
  2278 | D:3      | Noticed a great orb of eyes
  2481 | D:3      | Found a basalt altar of Yredelemnul.
  2546 | D:3      | Reached XP level 5. HP: 28/28 MP: 6/13
  2990 | D:3      | Found a glowing silver altar of Zin.
  2990 | D:3      | Found a glowing golden altar of the Shining One.
  2990 | D:3      | Found a white marble altar of Elyvilon.
  3792 | D:3      | Found a faded altar of an unknown god.
  3792 | D:3      | Found the Hermit's Pendant {Faith Invo=14 Evo=0 MP+5}
  4062 | D:4      | Noticed an ogre
  4067 | D:4      | Killed an ogre
  4068 | D:4      | Reached skill level 5 in Spellcasting
  4068 | D:4      | Reached XP level 6. HP: 32/32 MP: 9/15
  4187 | D:4      | Reached skill level 6 in Fire Magic
  4374 | D:4      | Found a shimmering altar of Xom.
  4544 | D:4      | Found a snail-covered altar of Cheibriados.
  4833 | D:5      | Entered Level 5 of the Dungeon
  4903 | D:5      | Reached XP level 7. HP: 36/36 MP: 3/17
  5145 | D:5      | Reached skill level 7 in Fire Magic
  5445 | D:5      | Found a staircase to the Ecumenical Temple.
  5456 | Temple   | Entered the Ecumenical Temple
  5485 | Temple   | Became a worshipper of Vehumet
  5858 | D:5      | Noticed Eustachio
  5862 | D:5      | Killed Eustachio
  5863 | D:5      | Reached skill level 5 in Conjurations
  5863 | D:5      | Reached skill level 8 in Fire Magic
  5863 | D:5      | Reached XP level 8. HP: 41/41 MP: 20/20
  6533 | D:6      | Found a stormy altar of Qazlal.
  6640 | D:6      | Found a blossoming altar of Fedhas.
  6664 | D:6      | Reached skill level 9 in Fire Magic
  7023 | D:6      | Reached * piety under Vehumet
  7023 | D:6      | Offered knowledge of Shock by Vehumet.
  7026 | D:6      | Learned a level 1 spell: Shock
  7043 | D:6      | Reached XP level 9. HP: 45/45 MP: 22/23
  7236 | D:6      | Reached skill level 10 in Fire Magic
  7430 | D:6      | Learned a level 4 spell: Flame Wave
  7450 | D:7      | Offered knowledge of Freeze by Vehumet.
  7451 | D:7      | Reached ** piety under Vehumet
  7877 | D:7      | Found a shadowy altar of Dithmenos.
  8020 | D:7      | Noticed Maggie
  8029 | D:7      | Killed Maggie
  8030 | D:7      | Reached skill level 11 in Fire Magic
  8241 | D:7      | Found an iron altar of Okawaru.
  8491 | D:8      | Offered knowledge of Mephitic Cloud by Vehumet.
  8504 | D:8      | Killed from afar by an orc priest

Illustrated notes

Levels and vault maps discovered:
D:1:      lightli_arrival_windingriver, layout_basic, kennysheep_boxes
D:2:      cheibrodos_old_hovel, layout_rooms, minmay_misc_feat_pillars,
          minmay_crystal_room, dreamdust_mushroom_princess,
          nicolae_nh_oracle_at_delphi
D:3:      minmay_razor_zed, layout_basic, good_gods_mini_temple,
          ashenzari_altar_1, nicolae_overflow_crystal_walls,
          hellmonk_ecumenical_altar_watching_god, minmay_misc_feat_doors,
          hellmonk_guarded_unrand_hermit
D:4:      layout_basic, general_overflow_altar, amcnicky_altar_gilded
D:5:      layout_loops_corners, minmay_temple_entry_slanted, uniq_eustachio
D:6:      black_bear_nest_2, layout_basic,
          grunt_temple_overflow_forces_of_nature, kennysheep_cross_bottleneck
D:7:      layout_loops_cross, kennysheep_mini,
          hellmonk_okawaru_the_only_friend_you_need, uniq_maggie
D:8:      layout_basic, serial_shops, nicolae_take_the_stairs,
          nicolae_shop_bloodbath_and_beyond, nicolae_shop_advertising_works
          [nicolae_subvault_shop_adworks], shop_statue, nicolae_shop_crystal
Temple:   cyrus_temple_forest

Skill      XL: |  1  2  3  4  5  6  7  8  9 |
---------------+----------------------------+-----
Fire Magic     | 4 5 6 8 9 11 | 11.5
Conjurations   | 2 3 4 5 6 7 |  7.8
Spellcasting   | 4 5 6 8 9 |  9.8
Dodging        | |  2.4
Stealth        | |  2.4

Action                     |  1- 3 |  4- 6 |  7- 9 || total
---------------------------+-------+-------+-------++-------
  Melee: Unarmed           |     5 |       |       ||     5
   Cast: Foxfire           |    81 |   127 |   130 ||   338
         Scorch            |     7 |    19 |    74 ||   100
         Shock             |       |       |    19 ||    19
         Flame Wave        |       |       |     4 ||     4
    Use: Scroll            |       |     3 |     3 ||     6
   Stab: Sleeping          |     1 |       |       ||     1
 Armour: Robe              |     1 |       |     2 ||     3
         Swamp dragon scal |       |       |     2 ||     2
  Dodge: Dodged            |     6 |     5 |    34 ||    45

Table legend: (Time is in decaauts)
 A = Elapsed time spent in this place.
 B = Non-inter-level travel time spent in this place.
 C = Inter-level travel time spent in this place.
 D = Time resting spent in this place.
 E = Time spent auto-exploring this place.
 F = Levels seen in this place.
 G = Mean time per level.
                   A        B        C        D        E       F      G
               +--------+--------+--------+--------+--------+-----+--------+
         Total |   8503 |   8297 |    206 |      0 |   7336 |   9 |  944.8 |
       Dungeon |   8417 |   8240 |    177 |      0 |   7288 |   8 | 1052.1 |
        Temple |     85 |     56 |     29 |      0 |     48 |   1 |   85.0 |
               +--------+--------+--------+--------+--------+-----+--------+

Top non-repeatable levels by time:
     D:3: 1724 daAuts
     D:5: 1494 daAuts
     D:1: 1159 daAuts
     D:7: 1015 daAuts
     D:6: 1014 daAuts
     D:2: 985 daAuts
     D:4: 963 daAuts
  Temple: 85 daAuts
     D:8: 59 daAuts
